 Dungeon Crawl Stone Soup version 0.30-a0-739-gea05faddec (webtiles) character file.

Game seed: 15489859683370090829

37 Leeroy the Slasher (level 3, 0/18 HPs)
             Began as a Vine Stalker Warper on Feb 4, 2023.
             Succumbed to an adder's poison
             ... on level 2 of the Dungeon.
             The game lasted 00:02:53 (1048 turns).

Leeroy the Slasher (Vine Stalker Warper)            Turns: 1048, Time: 00:02:54

Health: 0/18       AC:  4    Str: 13    XL:     3   Next: 41%
Magic:  6/7        EV: 11    Int: 13    God:
Gold:   88         SH:  0    Dex: 15    Spells: 1/6 levels left

rFire   . . .      SeeInvis .    a - +0 falchion
rCold   . . .      Faith    .    (no shield)
rNeg    . . .      Spirit   +    b - +0 leather armour
rPois   .          Reflect  .    (no helmet)
rElec   .          Harm     .    (no cloak)
rCorr   .          Rampage  .    (no gloves)
Will    .....                    i - +0 pair of boots
Stlth   +                        (no amulet)
HPRegen 0.23/turn                (no ring)
MPRegen 0.10/turn                (no ring)

@: lethally poisoned (0 -> 0)
A: fangs 2, magic shield, antimagic bite, no potion heal 2
a: no special abilities


You were on level 2 of the Dungeon.
You visited 1 branch of the dungeon, and saw 2 of its levels.

You collected 88 gold pieces.

Inventory:

Hand Weapons
 a - a +0 falchion (weapon)
 f - a +2 whip of pain
Missiles
 d - 7 boomerangs of dispersal (quivered)
 g - 6 javelins
Armour
 b - a +0 leather armour (worn)
 i - a +0 pair of boots (worn)
Scrolls
 c - a scroll of blinking
 e - a scroll of noise {unknown}
 h - a scroll of identify {unknown}
 j - a scroll of amnesia {unknown}
Potions
 k - a potion of heal wounds


   Skills:
 - Level 1.7 Fighting
 + Level 3.3 Long Blades
 - Level 0.8 Throwing
 - Level 0.7 Armour
 - Level 1.5 Dodging
 * Level 2.3 Spellcasting
 - Level 3.0 Translocations


You had one spell level left.
You knew the following spells:

 Your Spells              Type           Power      Damage    Failure   Level
a - Blink                 Tloc           18%        N/A       14%         2
b - Vhi's Electric Charg  Tloc/Air       10%        N/A       45%         3

Your spell library contained the following spells:

 Spells                   Type           Power      Damage    Failure   Level
 Lesser Beckoning         Tloc           18%        N/A       14%         2
 Teleport Other           Tloc           9%         N/A       26%         3
 Cigotuvi's Dreadful Rot  Necr/Pois/Air  2%         N/A       43%         2
 Poisonous Vapours        Pois/Air       2%         N/A       43%         2
 Manifold Assault         Tloc           9%         N/A       65%         4
 Mephitic Cloud           Conj/Pois/Air  1%         N/A       67%         3


Dungeon Overview and Level Annotations

Branches:
Dungeon (2/15)

Altars:

Annotations:
D:2 Natasha


Innate Abilities, Weirdness & Mutations

You have extremely sharp teeth.
When hurt, damage is shared between your health and your magic reserves.
Your bite disrupts and absorbs the magic of your enemies.
Potions cannot restore your health.


Message History

The adder is moderately wounded.
The adder bites you.
You barely miss the adder.
The adder is moderately wounded.
The adder bites you.
You hit the adder. Your bite misses the adder.
The adder is moderately wounded.
The adder bites you.
You are poisoned.
The adder poisons you! The adder bites you.
You are more poisoned.
The adder poisons you!
Natasha mumbles some strange words.
You slash the adder!
You kill the adder!
You feel very sick.
You are too injured to fight recklessly!
You are too injured to fight recklessly!
You are too injured to fight recklessly!
You are too injured to fight recklessly!
You are too injured to fight recklessly!
You are too injured to fight recklessly!
You slash the rat!
You kill the rat!
You feel sick. Natasha closely misses you.
It was a potion of heal wounds.
That seemed strangely inert.
You feel sick.
Natasha mumbles some strange words.
You barely miss Natasha.
You feel sick. Natasha claws you.
* * * LOW HITPOINT WARNING * * *
The crimson imp blinks!
You closely miss Natasha. You bite Natasha, but do no damage.
* * * LOW HITPOINT WARNING * * *
You feel sick.
Natasha casts a spell.
You closely miss Natasha.
You feel sick. Natasha claws you.
* * * LOW HITPOINT WARNING * * *
You closely miss Natasha. You punch Natasha. You bite Natasha.
Natasha's magic leaks into the air.
You drain her magic.
You feel invigorated.
Natasha is moderately wounded.
You die...

.#### #.##
......... #...##.#
##...##.######
.............#
.........###.#
.........###.#####
.................#
###......###...#@#
.....>.....#...#h#
########.......#55
###.#.#..5..
#.#.###.... #.#.#
#..... #.# #.....?
#.....).


You could see Natasha (magic disrupted), 2 crimson imps and a shadow imp
(summoned).

Vanquished Creatures
  An adder (D:2)
  A dart slug (D:1)
  2 giant cockroaches (D:1)
  2 goblins (D:1)
  4 hobgoblins (D:1)
  A quokka (D:1)
  4 ball pythons (D:1)
  A bat (D:1)
  A frilled lizard (D:2)
  2 kobolds (D:1)
  8 rats
27 creatures vanquished.

Notes
Turn   | Place    | Note
-------+----------+-------------------------------------------
     0 | D:1      | Leeroy the Vine Stalker Warper began the quest for the Orb.
     0 | D:1      | Reached XP level 1. HP: 11/11 MP: 4/4
   500 | D:1      | Reached XP level 2. HP: 15/15 MP: 6/6
   677 | D:1      | Reached XP level 3. HP: 15/18 MP: 5/7
   972 | D:1      | Learned a level 2 spell: Blink
   976 | D:1      | Learned a level 3 spell: Vhi's Electric Charge
  1036 | D:2      | Noticed Natasha
  1048 | D:2      | Succumbed to an adder's poison

Illustrated notes

Levels and vault maps discovered:
D:1:      lemuel_arrival_behind_the_door_large, layout_basic,
          serial_bayou_pond_b, serial_bayou_pond_d, minmay_tromino_v4_a
D:2:      layout_basic, ebering_ecumenical_altar_rust, uniq_natasha

Skill      XL: |  1  2 |
---------------+-------+-----
Long Blades    | 2 3 |  3.3
Fighting       | |  1.7
Throwing       | |  0.8
Armour         | |  0.7
Dodging        | |  1.5
Spellcasting   | |  2.3
Translocations | |  3.0

Action                     || total
---------------------------++-------
  Melee: Falchion          ||    73
         Bite              ||    13
         Punch             ||     2
    Use: Potion            ||     1
 Armour: Leather armour    ||    21
  Dodge: Dodged            ||    46

Table legend: (Time is in decaauts)
 A = Elapsed time spent in this place.
 B = Non-inter-level travel time spent in this place.
 C = Inter-level travel time spent in this place.
 D = Time resting spent in this place.
 E = Time spent auto-exploring this place.
 F = Levels seen in this place.
 G = Mean time per level.
                   A        B        C        D        E       F      G
               +--------+--------+--------+--------+--------+-----+--------+
         Total |   1064 |   1027 |     37 |      0 |    850 |   2 |  532.0 |
       Dungeon |   1064 |   1027 |     37 |      0 |    850 |   2 |  532.0 |
               +--------+--------+--------+--------+--------+-----+--------+

Top non-repeatable levels by time:
     D:1: 991 daAuts
     D:2: 73 daAuts
